 Dungeon Crawl Stone Soup version 0.23.2-1-ga50397a (webtiles) character file.

Game seed: 16297908399828368692

1122 rabbit the Shield-Bearer (level 8, -3/73 HPs)
             Began as a Deep Dwarf Fighter on Apr 17, 2019.
             Was an Initiate of Makhleb.
             Slain by an orc warrior
             ... wielding a +0 glaive
              (6 damage)
             ... on level 6 of the Dungeon.
             The game lasted 00:26:08 (4540 turns).

rabbit the Shield-Bearer (Deep Dwarf Fighter)       Turns: 4540, Time: 00:26:09

Health: -3/73      AC: 11    Str: 27    XL:     8   Next: 12%
Magic:  6/6        EV:  8    Int:  9    God:    Makhleb [......]
Gold:   335        SH: 11    Dex: 12    Spells: 7/7 levels left

rFire    . . .     SeeInvis .   a - +0 war axe
rCold    . . .     Gourm    .   c - +0 shield
rNeg     . . .     Faith    .   y - +0 chain mail
rPois    .         Spirit   .   (no helmet)
rElec    .         Reflect  .   C - +0 cloak
rCorr    .         Harm     .   (no gloves)
MR       +....                  (no boots)
Stlth    ..........             (no amulet)
HPRegen  0.00/turn              w - +5 ring of strength
MPRegen  0.10/turn              (no ring)

@: non-regenerating
A: damage resistance, heal wounds, sense surroundings 1, no regeneration
a: Heal Wounds, Renounce Religion


You were on level 6 of the Dungeon.
You worshipped Makhleb.
Makhleb was noncommittal.
You were not hungry.

You visited 2 branches of the dungeon, and saw 7 of its levels.

You collected 335 gold pieces.

Inventory:

Hand Weapons
 a - a +0 war axe (weapon)
 s - a +0 hunting sling
Missiles
 e - 174 stones (quivered)
 k - 46 bolts
 B - 18 sling bullets
Armour
 b - a +0 scale mail
 c - a +0 shield (worn)
 y - a +0 chain mail (worn)
 C - a +0 cloak (worn)
Jewellery
 h - an uncursed ring of stealth
 m - an uncursed amulet of the acrobat
 w - a +5 ring of strength (left hand)
Wands
 E - a wand of polymorph (1)
Scrolls
 g - a scroll of enchant weapon {unknown}
 i - a scroll of amnesia {unknown}
 l - a scroll of magic mapping
 p - 2 scrolls of fear {unknown}
 q - a scroll of random uselessness {unknown}
 t - a scroll of fog {unknown}
 u - 4 scrolls of identify
 A - a scroll of teleportation {unknown}
 D - a scroll of remove curse {unknown}
Potions
 d - a potion of might
 j - a potion of haste {unknown}
 n - 2 potions of magic {unknown}
 o - a potion of invisibility {unknown}
 r - a potion of berserk rage {unknown}
 v - a potion of heal wounds {unknown}
 x - a potion of ambrosia {unknown}
 z - a potion of degeneration {unknown}
 F - 2 potions of agility {unknown}
 G - a potion of lignification {unknown}
 H - a potion of mutation {unknown}
 I - a potion of curing {unknown}
Comestibles
 f - 11 rations
 J - 7 chunks of flesh


   Skills:
 + Level 4.6 Fighting
 + Level 5.1 Axes
 + Level 5.5 Armour
 + Level 4.2 Dodging
 + Level 5.6 Shields
 + Level 2.4 Invocations


You had 7 spell levels left.
You didn't know any spells.
Your spell library was empty.

Dungeon Overview and Level Annotations

Branches:
Dungeon (6/15)             Temple (1/1) D:5

Altars:
Ashenzari
Elyvilon
Fedhas
Gozag
Kikubaaqudgha
Makhleb
Okawaru
Ru
Trog
Uskayaw
Xom
Zin

Annotations:
D:1 need to walk on water
D:5 1 runed translucent door, 2 transporters, Paps's ghost, amateur OpFi; Prince Ribbit


Innate Abilities, Weirdness & Mutations

You are resistant to damage.
You can heal yourself by infusing magical energy.
You passively map a small area around you.
You do not regenerate.


Message History

You are too injured to fight recklessly!
You are too injured to fight recklessly!
You are too injured to fight recklessly!
You are too injured to fight recklessly!
You are too injured to fight recklessly!
You are too injured to fight recklessly!
You are too injured to fight recklessly!
You are too injured to fight recklessly!
You are too injured to fight recklessly!
You are too injured to fight recklessly!
You hit the orc warrior but do no damage.
The orc priest invokes the aid of Beogh against you.
Beogh smites you!
The orc warrior hits you with a +0 glaive!
* * * LOW HITPOINT WARNING * * *
You barely miss the orc warrior.
The orc warrior hits you with a +0 glaive!
* * * LOW HITPOINT WARNING * * *
The orc warrior hits you from afar with a +0 glaive!
You die...

******** *,,,,,,* *,****,*
*,* *,* ###########.##
*,*****
#########....@.osoo..#
*,,,,,,
#)>.........#######..#
******* #.#######...# *,,*
#.###########******,,*****
#.#........# #..,,,,,,,,,*
####.#.######.#
#.#***,,,**,***** .....#.#
#.# #.#***,,,**,,,,,,
###..#.# #.#
#.#*,,,,,,,****** ##...#.#
###.# #.#*,,,,,,,*


You could see an orc warrior, a scorpion, an orc priest and an orc.

Vanquished Creatures
  Sigmund (D:4)
  A black bear (D:5)
  A phantom (D:5)
  An ogre (D:5)
  A centaur (D:5)
  2 howler monkeys
  A crimson imp (D:5)
  A bullfrog skeleton (D:4)
  Crazy Yiuf (D:4)
  Natasha (D:2)
  2 iguanas (D:4)
  3 orc wizards (D:6)
  5 worker ants
  8 adders
  A shadow imp (D:6)
  An adder zombie (D:5)
  An adder skeleton (D:4)
  2 worms
  A dart slug (D:1)
  2 leopard geckos (D:3)
  5 orcs
  A ball python (D:3)
  8 bats
  4 giant cockroaches
  2 goblins
  9 hobgoblins
  19 jackals
  7 frilled lizards
  A jackal zombie (D:5)
  8 kobolds
  A quokka skeleton (D:4)
  5 rats
107 creatures vanquished.

Notes
Turn   | Place    | Note
-------+----------+-------------------------------------------
     0 | D:1      | rabbit the Deep Dwarf Fighter began the quest for the Orb.
     0 | D:1      | Reached XP level 1. HP: 20/20 MP: 1/1
   249 | D:1      | Reached XP level 2. HP: 27/27 MP: 2/2
   992 | D:1      | Reached skill level 1 in Dodging
  1004 | D:2      | Reached XP level 3. HP: 31/33 MP: 3/3
  1258 | D:2      | Found a faded altar of an unknown god.
  1418 | D:2      | Reached XP level 4. HP: 36/42 MP: 4/4
  1734 | D:2      | Noticed Natasha
  1744 | D:2      | Killed Natasha
  2606 | D:4      | Reached XP level 5. HP: 47/49 MP: 4/4
  2864 | D:4      | Found a runed translucent door.
  2865 | D:4      | Noticed Crazy Yiuf
  2877 | D:4      | Killed Crazy Yiuf
  2877 | D:4      | Reached XP level 6. HP: 21/57 MP: 5/5
  3052 | D:4      | Noticed Sigmund
  3077 | D:4      | Killed Sigmund
  3351 | D:5      | Entered Level 5 of the Dungeon
  3381 | D:5      | Reached XP level 7. HP: 56/64 MP: 6/6
  3384 | D:5      | Found a staircase to the Ecumenical Temple.
  3389 | Temple   | Entered the Ecumenical Temple
  3423 | Temple   | Became a worshipper of Makhleb the Destroyer
  3723 | D:5      | Reached skill level 5 in Armour
  3723 | D:5      | Reached skill level 5 in Shields
  4090 | D:5      | Found a runed translucent door.
  4100 | D:5      | Noticed Paps's ghost (amateur OpFi)
  4137 | D:5      | Reached skill level 1 in Invocations
  4164 | D:5      | Found an opulent altar of Gozag.
  4166 | D:5      | Found an ancient bone altar of Kikubaaqudgha.
  4224 | D:5      | Found a transporter.
  4228 | D:5      | Found a transporter.
  4325 | D:6      | Noticed Prince Ribbit
  4328 | D:6      | Reached skill level 5 in Axes
  4328 | D:6      | Reached XP level 8. HP: 48/73 MP: 6/6
  4539 | D:6      | HP: 3/73 [orc warrior/+0 glaive (5)]
  4540 | D:6      | Slain by an orc warrior

Skill      XL: |  1  2  3  4  5  6  7 |
---------------+----------------------+-----
Dodging        | 1 2 3 4 |  4.2
Fighting       | 3 4 |  4.6
Axes           | 3 4 5 |  5.1
Shields        | 4 5 |  5.6
Armour         | 4 5 |  5.5
Invocations    | 2 |  2.4

Action                   |  1- 3 |  4- 6 |  7- 9 || total
-------------------------+-------+-------+-------++-------
Melee: War axe           |   104 |   204 |   136 ||   444
 Abil: Heal Wounds       |       |     5 |     6 ||    11
Evoke: Wand              |       |       |     1 ||     1
  Use: Scroll            |       |     3 |     1 ||     4
  Eat: Chunk             |     1 |     7 |     5 ||    13
Armor: Scale mail        |    62 |    39 |       ||   101
       Chain mail        |       |    55 |    44 ||    99
Dodge: Dodged            |    43 |    53 |    46 ||   142
Block: Shield            |    64 |   108 |    78 ||   250
